 Dungeon Crawl Stone Soup version 0.27-a0-972-gd1521fd518 (console) character file.

Game seed: 14577871633823291580

2349 rossy the Frost Mage (level 9, -3/57 HPs)
             Began as a Merfolk Ice Elementalist on Apr 14, 2021.
             Slain by an orc warrior
             ... wielding a +0 battleaxe
              (22 damage)
             ... on level 6 of the Dungeon.
             The game lasted 00:20:52 (9314 turns).

rossy the Frost Mage (Merfolk Ice Elementalist)     Turns: 9314, Time: 00:20:52

Health: -3/57      AC:  4    Str: 15    XL:     9   Next: 43%
Magic:  13/21      EV: 12    Int: 20    God:
Gold:   287        SH:  0    Dex: 14    Spells: 3/24 levels left

rFire    . . .     SeeInvis .   s - +10 whip {flame, *Corrode Fly rC++ Int+3}
rCold    + + .     Faith    .   (no shield)
rNeg     . . .     Spirit   .   y - +1 leather armour of Goheub {Stlth+}
rPois    .         Reflect  .   (no helmet)
rElec    .         Harm     .   (no cloak)
rCorr    .         Rampage  .   (no gloves)
Will     +....                  (no boots)
Stlth    +++.......             w - amulet of the acrobat
HPRegen  0.19/turn              q - ring of willpower
MPRegen  0.17/turn              m - +6 ring of strength

@: flying
A: (nimble swimmer 2), mertail
a: no special abilities


You were on level 6 of the Dungeon.
You visited 1 branch of the dungeon, and saw 6 of its levels.

You collected 287 gold pieces.

Inventory:

Hand Weapons
 c - a +0 dagger
 j - a +0 dagger of holy wrath
 k - a +1 dagger of holy wrath
 p - a +1 dagger of venom
 s - the +10 whip "Janiamal" (weapon) {flame, *Corrode Fly rC++ Int+3}
   (You found it on level 4 of the Dungeon)

   It has been specially enchanted to burn those struck by it, causing extra
   injury to most foes and up to half again as much damage against particularly
   susceptible opponents.
   It affects your intelligence (+3).
   It greatly protects you from cold.
   It grants you flight.
   It may corrode you when you take damage.
 u - a +0 spear
Missiles
 r - 7 poisoned darts
Armour
 a - a +0 robe
 y - the +1 leather armour of Goheub (worn) {Stlth+}
   (You found it on level 5 of the Dungeon)

   It makes you more stealthy.
Jewellery
 g - an amulet of faith
 m - a +6 ring of strength (right hand)
 q - a ring of willpower (left hand)
 w - an amulet of the acrobat (around neck)
Wands
 n - a wand of digging (4)
 A - a wand of iceblast (10)
Scrolls
 d - 2 scrolls of blinking {unknown}
 e - 2 scrolls of brand weapon {unknown}
 f - 6 scrolls of identify
 i - a scroll of noise {unknown}
 t - 3 scrolls of enchant weapon {unknown}
 v - a scroll of fog {unknown}
 x - a scroll of teleportation {unknown}
Potions
 b - 4 potions of curing
 h - 2 potions of haste {unknown}
 l - a potion of flight {unknown}
 o - a potion of attraction {unknown}
 z - a potion of berserk rage {unknown}


   Skills:
 - Level 2.6 Dodging
 - Level 2.1 Stealth
 + Level 8.3 Spellcasting
 + Level 10.4 Ice Magic


You had 3 spell levels left.
You knew the following spells:

 Your Spells              Type           Power      Damage    Failure   Level
a - Freeze                Ice            100%       1d11      1%          1
b - Frozen Ramparts       Ice            100%       1d12      1%          3
c - Ozocubu's Armour      Ice            50%        N/A       1%          3
d - Magic Dart            Conj           32%        1d4       11%         1
e - Metabolic Englaciati  Hex/Ice        14%        N/A       32%         5
f - Hailstorm             Conj/Ice       29%        3d8       12%         4
g - Summon Ice Beast      Ice/Summ       29%        N/A       12%         4

Your spell library contained the following spells:

 Spells                   Type           Power      Damage    Failure   Level
 Ensorcelled Hibernation  Hex/Ice        58%        N/A       1%          2
 Corona                   Hex            8%         N/A       11%         1
 Summon Small Mammal      Summ           32%        N/A       11%         1
 Blink                    Tloc           N/A        N/A       16%         2
 Call Imp                 Summ           8%         N/A       16%         2
 Searing Ray              Conj           16%        3d3       16%         2
 Slow                     Hex            8%         N/A       16%         2
 Call Canine Familiar     Summ           8%         N/A       30%         3
 Confusing Touch          Hex            8%         N/A       30%         3
 Conjure Flame            Conj/Fire      8%         6-21      30%         3
 Dazzling Flash           Conj/Hex       16%        N/A       30%         3
 Mephitic Cloud           Conj/Pois/Air  8%         N/A       30%         3
 Summon Guardian Golem    Hex/Summ       8%         N/A       30%         3
 Tukima's Dance           Hex            8%         N/A       30%         3
 Fulminant Prism          Conj/Hex       4%         3d6       71%         4
 Iskenderun's Mystic Bla  Conj/Tloc      8%         2d4       71%         4
 Summon Lightning Spire   Summ/Air       8%         N/A       71%         4


Dungeon Overview and Level Annotations

Branches:
Dungeon (6/15)
 Temple: D:4-7

Altars:
Cheibriados
Gozag
Nemelex Xobeh
Ru
Trog
Wu Jian


Innate Abilities, Weirdness & Mutations

((You are quick and stealthy near water. (Stealth+, EV+, Speed+++)))
Your lower body shifts to a powerful aquatic tail in water.


Message History

The frozen ramparts melt away as you move.
An orc warrior and an orc priest come into view.
The orc warrior shouts!
Things that are here:
a +0 flail; a +0 leather armour; an orc corpse An orc priest comes into view.
It is wielding a +0 dagger.
You see here a +0 club.
Casting: Frozen Ramparts (safe; 1% risk of failure)
Confirm with . or Enter, or press ? or * to list all spells.
You don't know that spell.
Unknown command.
Casting: Frozen Ramparts (safe; 1% risk of failure)
Confirm with . or Enter, or press ? or * to list all spells.
Casting: Hailstorm (dangerous; 12% risk of failure)
Press: ? - help, Dir - look around, f - activate A cannonade of hail descends around you!
The hail pelts the orc priest.
The orc priest is lightly wounded.
The hail pelts the orc warrior.
The orc warrior is moderately wounded.
Aiming: Freeze (safe; 1% risk of failure)
Press: ? - help, Q - select action, (/) - cycle Shift-Dir - straight line, f - orc priest
Aim: an orc priest, wielding a +0 dagger and wearing a +0 chain mail (lightly wounded)
You freeze the orc priest.
The orc priest is moderately wounded.
The orc warrior hits you with a +0 battleaxe!!
The orc priest hits you with a +0 dagger.
Aiming: Freeze (safe; 1% risk of failure)
Press: ? - help, Q - select action, (/) - cycle Shift-Dir - straight line, f/p - orc priest
Aim: an orc priest, wielding a +0 dagger and wearing a +0 chain mail (moderately wounded)
You freeze the orc priest!
The orc priest is almost dead.
The orc warrior hits you with a +0 battleaxe!
The orc priest invokes the aid of Beogh against you.
You easily resist.
As you read the scroll labelled JUIL XIRGHUSK, it crumbles to dust.
It is a scroll of identify.
b - 4 potions of curing The orc warrior hits you with a +0 battleaxe!!
You die...

####+#####
#.........
#.........
#.........
#.........
#.........
#######).o......
#.....))@oo####+
#..........###
#.......####≈#
#.....≈≈#≈#≈≈#
#...≈.≈≈≈≈≈≈##
.....≈≈≈≈≈≈≈≈##
...≈≈.≈≈≈≈≈###
....P≈≈≈P≈###
..P≈≈≈≈≈≈≈..##
.≈..≈≈≈≈.....#
.≈≈≈≈≈≈......#


You could see an orc warrior and 2 orc priests.

Vanquished Creatures
  4 yaks (D:4)
  A water moccasin (D:5)
  A black bear (D:5)
  A necrophage (D:5)
  2 sky beasts
  3 ogres
  A bullfrog (D:6)
  2 water moccasin skeletons (D:4)
  4 electric eels (D:6)
  A bullfrog zombie (D:5)
  A centaur zombie (D:5)
  4 hounds
  An orc priest (D:2)
  2 jellies
  3 centaur skeletons
  2 bullfrog skeletons
  3 iguanas
  An orc wizard (D:2)
  A killer bee zombie (D:5)
  2 hound skeletons
  3 gnolls (D:4)
  5 adders
  A white imp (D:6)
  An ufetubus (D:6)
  3 worms
  3 dart slugs
  8 orcs
  9 endoplasms
  4 giant cockroaches
  9 goblins
  8 hobgoblins
  8 jackals
  4 quokkas
  3 ball pythons
  3 bats
  4 frilled lizards
  4 kobolds
  3 rats
123 creatures vanquished.

Vanquished Creatures (others)
  15 plants
15 creatures vanquished.

Grand Total: 138 creatures vanquished

Notes
Turn   | Place    | Note
-------+----------+-------------------------------------------
     0 | D:1      | rossy the Merfolk Ice Elementalist began the quest for the
                  | Orb.
     0 | D:1      | Reached XP level 1. HP: 13/13 MP: 3/3
   111 | D:1      | Reached XP level 2. HP: 3/19 MP: 0/5
  1357 | D:1      | Reached XP level 3. HP: 20/24 MP: 4/6
  1361 | D:1      | Learned a level 3 spell: Frozen Ramparts
  1365 | D:1      | Learned a level 3 spell: Ozocubu's Armour
  1522 | D:2      | Reached skill level 5 in Ice Magic
  1641 | D:2      | Reached XP level 4. HP: 24/30 MP: 3/8
  2166 | D:2      | Reached XP level 5. HP: 34/35 MP: 3/10
  2664 | D:2      | Found a faded altar of an unknown god.
  3030 | D:3      | Learned a level 1 spell: Magic Dart
  3309 | D:3      | Noticed an ogre
  3318 | D:3      | Killed an ogre
  3319 | D:3      | Reached skill level 6 in Ice Magic
  3319 | D:3      | Reached XP level 6. HP: 24/41 MP: 2/12
  3325 | D:3      | Learned a level 5 spell: Metabolic Englaciation
  4029 | D:3      | Found a snail-covered altar of Cheibriados.
  4029 | D:3      | Found a bloodstained altar of Trog.
  4029 | D:3      | Found a sparkling altar of Nemelex Xobeh.
  4030 | D:3      | Found an ornate altar of the Wu Jian Council.
  4034 | D:3      | Found an opulent altar of Gozag.
  4246 | D:4      | Found a sacrificial altar of Ru.
  4484 | D:4      | Noticed a yak
  4484 | D:4      | Noticed a yak
  4485 | D:4      | Noticed a yak
  4501 | D:4      | Killed a yak
  4502 | D:4      | Reached skill level 5 in Spellcasting
  4502 | D:4      | Reached skill level 7 in Ice Magic
  4502 | D:4      | Reached XP level 7. HP: 29/46 MP: 2/14
  4590 | D:4      | Noticed a yak
  4602 | D:4      | Killed a yak
  4695 | D:4      | Killed a yak
  4762 | D:4      | Killed a yak
  4763 | D:4      | Reached skill level 8 in Ice Magic
  4763 | D:4      | Reached XP level 8. HP: 35/52 MP: 5/17
  4768 | D:4      | Learned a level 4 spell: Hailstorm
  5083 | D:4      | Identified the +10 whip "Janiamal" {flame, *Corrode Fly
                  | rC++ Int+3}
  5605 | D:5      | Entered Level 5 of the Dungeon
  5861 | D:5      | Reached skill level 9 in Ice Magic
  6582 | D:5      | Reached XP level 9. HP: 57/57 MP: 8/20
  6588 | D:5      | Learned a level 4 spell: Summon Ice Beast
  6900 | D:5      | Identified the +1 leather armour of Goheub {Stlth+}
  7186 | D:6      | Reached skill level 10 in Ice Magic
  9314 | D:6      | Slain by an orc warrior

Illustrated notes

Levels and vault maps discovered:
D:1:      amcnicky_arrival_gap_in_the_tavern_cellar, layout_basic
D:2:      minmay_evil_eye, layout_basic, shapermc_ecumenical_altar_mp_vishouse
D:3:      layout_loops_corners, minitemple
D:4:      cheibrodos_old_hovel, layout_basic, overflow_temple_1_default,
          minmay_misc_feat_secret_circle
D:5:      layout_gridville, grunt_ministairs_3
D:6:      layout_gridville, palyth_temple_overflow_mages, serial_glass,
          glass_columns_a, glass_columns_b, minivault_11, chequers_big_river

Skill      XL: |  1  2  3  4  5  6  7  8  9 |
---------------+----------------------------+-----
Ice Magic      | 5 6 7 8 9 10 | 10.4
Spellcasting   | 3 4 5 6 7 8 |  8.3
Dodging        | |  2.6
Stealth        | |  2.1

Action                   |  1- 3 |  4- 6 |  7- 9 || total
-------------------------+-------+-------+-------++-------
Melee: Unarmed           |    12 |       |       ||    12
       Dagger            |     6 |    39 |       ||    45
       Whip              |       |       |    68 ||    68
 Cast: Freeze            |    39 |    62 |    55 ||   156
       Frozen Ramparts   |       |     7 |    17 ||    24
       Ozocubu's Armour  |       |     5 |    10 ||    15
       Magic Dart        |       |     4 |    62 ||    66
       Hailstorm         |       |       |     2 ||     2
  Use: Scroll            |       |       |     1 ||     1
 Stab: Sleeping          |     5 |     5 |     7 ||    17
Armor: Robe              |     9 |    13 |     5 ||    27
       Leather armour    |       |       |    13 ||    13
Dodge: Dodged            |    25 |    38 |    84 ||   147

Table legend: (Time is in decaauts)
 A = Elapsed time spent in this place.
 B = Non-inter-level travel time spent in this place.
 C = Inter-level travel time spent in this place.
 D = Time resting spent in this place.
 E = Time spent auto-exploring this place.
 F = Levels seen in this place.
 G = Mean time per level.
                   A        B        C        D        E       F      G
               +--------+--------+--------+--------+--------+-----+--------+
         Total |   9305 |   9140 |    165 |   2804 |   4794 |   6 | 1550.8 |
       Dungeon |   9305 |   9140 |    165 |   2804 |   4794 |   6 | 1550.8 |
               +--------+--------+--------+--------+--------+-----+--------+

Top non-repeatable levels by time:
     D:6: 2163 daAuts
     D:5: 1540 daAuts
     D:4: 1502 daAuts
     D:1: 1456 daAuts
     D:3: 1384 daAuts
     D:2: 1257 daAuts
